 Dungeon Crawl Stone Soup version 0.29.0-4-gdea44cf6ec (webtiles) character file.

Game seed: 9026833440586328816

29 qw the Chopper (level 3, -1/21 HPs)
             Began as a Tengu Warper on Aug 28, 2022.
             Succumbed to an adder's poison
             ... on level 1 of the Dungeon.
             The game lasted 00:00:06 (1503 turns).

qw the Chopper (Tengu Warper)                       Turns: 1503, Time: 00:00:07

Health: -1/21      AC:  3    Str: 13    XL:     3   Next: 16%
Magic:  7/7        EV: 10    Int: 13    God:
Gold:   56         SH:  7    Dex: 13    Spells: 6/6 levels left

rFire   . . .      SeeInvis .   Y - +0 hand axe
rCold   . . .      Faith    .   h - +0 kite shield
rNeg    . . .      Spirit   .   b - +0 leather armour
rPois   .          Reflect  .   (helmet restricted)
rElec   .          Harm     .   (no cloak)
rCorr   .          Rampage  .   (no gloves)
Will    .....                   (boots unavailable)
Stlth   +.........              (no amulet)
HPRegen 0.07/turn               (no ring)
MPRegen 0.10/turn               (no ring)

@: lethally poisoned (-1 -> -8)
A: beak, talons 3
a: no special abilities


You were on level 1 of the Dungeon.
You visited 1 branch of the dungeon, and saw 2 of its levels.

You collected 56 gold pieces.


Innate Abilities, Weirdness & Mutations

You have a beak for a mouth.
You have claws for feet.


   Skills:
 - Level 2.0 Fighting
 - Level 3.9 Axes
 - Level 1.0 Throwing
 - Level 1.1 Armour
 - Level 2.1 Dodging
 + Level 0.1 Shields
 - Level 2.0 Spellcasting
 - Level 2.4 Translocations


You had 6 spell levels left.
You didn't know any spells.
Your spell library contained the following spells:

 Spells                   Type           Power      Damage    Failure   Level
 Blink                    Tloc           14%        N/A       56%         2
 Gell's Gravitas          Tloc           7%         N/A       80%         3
 Lesser Beckoning         Tloc           7%         N/A       80%         3
 Teleport Other           Tloc           7%         N/A       80%         3
 Manifold Assault         Tloc           7%         N/A       100%        5

Inventory:

Hand Weapons
 e - a +0 whip
 Y - a +0 hand axe (weapon)
Armour
 b - a +0 leather armour (worn)
 h - a +0 kite shield (worn)
Potions
 g - a potion of curing {unknown}
 i - a potion of mutation {unknown}

Dungeon Overview and Level Annotations

Branches:
Dungeon (2/15)

Altars:


Message History

Waypoint 1 assigned to D:2.
The helpless endoplasm fails to defend itself.
You hit the endoplasm.
You kill the endoplasm!
The adder hisses angrily.
You block the adder's attack.
1495 ||| STAIRDANCE The adder bites you.
You are poisoned.
The adder poisons you!
You climb upwards.
You feel sick.
There is a stone staircase leading down here.
You hit the adder. Your kick misses the adder.
The adder is lightly wounded.
You feel sick. The adder misses you. The adder bites you.
You miss the adder.
The adder is lightly wounded.
You feel sick.
You are no longer poisoned.
The adder bites you.
You are poisoned.
The adder poisons you!
You miss the adder. Your peck misses the adder.
The adder is lightly wounded.
You feel very sick. The adder barely misses you. You block the adder's attack.
You hit the adder. Your kick misses the adder.
The adder is severely wounded.
You feel sick. The adder bites you. The adder barely misses you.
You barely miss the adder. Your peck misses the adder.
The adder is severely wounded.
You feel sick. The adder closely misses you.
You barely miss the adder.
The adder is severely wounded.
You feel sick. You block the adder's attack. The adder bites you.
You are more poisoned.
The adder poisons you!
You closely miss the adder.
The adder is severely wounded.
You die...

#........######## #....#####...
#.####......#...# #...........#
#.#########.#.#.# #....########
#......)....#.#.# #..#.#
#..#######..#...# #..#.#
#...........#...###..#.#
##.########.#........#.#
#..........?S##.#####.########
####...##...#@...............#
#######)..##...##..........####.#
......%...++...#...#######..###.#
#######...##...#..##.....##......
#........#####.##.......##.....
#........# ##.#..(......#....#
#........####..#.........#....#
#..............#......###'###..
#..............#.....##..#..##.


You could see an adder.

Vanquished Creatures
  2 bats (D:1)
  4 endoplasms
  2 hobgoblins (D:1)
  2 quokkas (D:1)
  3 ball pythons (D:1)
  A frilled lizard (D:1)
  4 goblins (D:1)
  3 kobolds (D:1)
  5 rats (D:1)
26 creatures vanquished.

Notes
Turn   | Place    | Note
-------+----------+-------------------------------------------
     0 | D:1      | qw the Tengu Warper began the quest for the Orb.
     0 | D:1      | Reached XP level 1. HP: 12/12 MP: 4/4
     0 | D:1      | 0 ||| qw: Version: 0.1-a-89-g26bdef1
     0 | D:1      | 0 ||| qw: Game counter: 962
     0 | D:1      | 0 ||| qw: Always use a shield: true
     0 | D:1      | 0 ||| qw: God list: Okawaru
     0 | D:1      | 0 ||| qw: Allow faded altars: false
     0 | D:1      | 0 ||| qw: Do Orc after D:15 true
     0 | D:1      | 0 ||| qw: Do second Lair branch before Depths: true
     0 | D:1      | 0 ||| qw: Lair rune preference: random
     0 | D:1      | 0 ||| qw: Plans: Normal
     0 | D:1      | 0 ||| PLANNING D:1-11
   364 | D:1      | Reached XP level 2. HP: 17/17 MP: 6/6
   370 | D:1      | Reached skill level 3 in Axes
  1012 | D:1      | Found a faded altar of an unknown god.
  1231 | D:1      | Reached XP level 3. HP: 19/21 MP: 7/7
  1478 | D:1      | 1478 ||| UPGRADING to +0 kite shield.
  1483 | D:1      | 1483 ||| READING scroll labelled QYREACW HIESTRA.
  1487 | D:1      | 1487 ||| READING scroll labelled NAAMAGGARPH.
  1488 | D:1      | 1488 ||| DROPPING scroll of blinking.
  1495 | D:2      | 1495 ||| STAIRDANCE
  1501 | D:1      | HP: 5/21 [poisoned by an adder]
  1502 | D:1      | HP: 1/21 [adder (2)]
  1503 | D:1      | Succumbed to an adder's poison

Levels and vault maps discovered:
D:1:      co_arrival_two_rings, layout_basic, chequers_ecumenical_altar_grove
D:2:      wander_river, layout_loops_ring, st_stairs_1

Skill      XL: |  1  2 |
---------------+-------+-----
Axes           | 3 |  3.9
Fighting       | |  2.0
Throwing       | |  1.0
Armour         | |  1.1
Dodging        | |  2.1
Shields        | |  0.1
Spellcasting   | |  2.0
Translocations | |  2.4

Action                   || total
-------------------------++-------
Melee: Hand axe          ||    63
       Peck              ||     8
       Kick              ||     4
Throw: Boomerang         ||     7
  Use: Scroll            ||     2
 Stab: Sleeping          ||     1
Armor: Leather armour    ||    12
Dodge: Dodged            ||    22
Block: Kite shield       ||     3

Table legend:
 A = Non-vault XP
 B = Vault XP
 C = Vault XP percentage of total XP
 D = Non-vault monster count
 E = Vault monster count
 F = Vault count percentage of total count
                 A         B        C        D         E       F
            +---------+---------+-------+---------+---------+-------
      Total |      42 |       0 |   0.0 |      26 |       0 |   0.0
            +---------+---------+-------+---------+---------+-------
        D:1 |      40 |       0 |   0.0 |      25 |       0 |   0.0
        D:2 |       2 |       0 |   0.0 |       1 |       0 |   0.0
            +---------+---------+-------+---------+---------+-------
